 Dungeon Crawl Stone Soup version 0.18.1-8-gdd0e5ea (console) character file.

52 Kloppie the Slasher (level 3, 0/20 HPs)
             Began as a Vine Stalker Berserker on June 12, 2016.
             Was a Believer of Trog.
             Killed by divine providence
             ... invoked by an orc priest
              (12 damage)
             ... on level 3 of the Dungeon.
             The game lasted 00:02:01 (1295 turns).

Kloppie the Slasher (Vine Stalker Berserker)        Turns: 1295, Time: 00:02:01

Health: 0/20       AC:  9    Str: 19    XL:     3   Next: 85%
Magic:  0/4        EV: 11    Int:  7    God:    Trog [**....]
Gold:   107        SH:  0    Dex: 14    Spells: 0 memorised, 2 levels left

rFire  . . .     SeeInvis .     a - +0 falchion
rCold  + . .     Gourm    .     e - +2 ring mail {rC+}
rNeg   . . .     Faith    .     (no shield)
rPois  .         Spirit   +     j - +1 hat
rElec  .         Dismiss  .     (no cloak)
rCorr  .         Reflect  .     (no gloves)
SustAt .         Harm     .     k - +0 pair of boots
MR     .....                    (no amulet)
Stlth  +.........               (no ring)
                                (no ring)

@: not resistant to hostile enchantments, very unstealthy
A: fangs 2, regeneration 1, magic shield, antimagic bite, no device heal 3, rot
immunity
a: Berserk, Trog's Hand, Burn Spellbooks, Renounce Religion


You were on level 3 of the Dungeon.
You worshipped Trog.
Trog was pleased with you.
You were not hungry.

You visited 1 branch of the dungeon, and saw 3 of its levels.

You collected 107 gold pieces.

Inventory:

Hand Weapons
 a - a +0 falchion (weapon)
Armour
 e - a +2 ring mail of cold resistance (worn)
 j - a +1 hat (worn)
 k - a +0 pair of boots (worn)
Scrolls
 f - 4 scrolls of identify {unknown}
 h - 4 scrolls of magic mapping {unknown}
 m - a scroll of recharging {unknown}
 n - 2 scrolls of teleportation {unknown}
Potions
 i - 2 potions of cancellation {unknown}
 l - a potion of mutation {unknown}
 o - a potion of magic {unknown}
Comestibles
 b - 2 chunks of flesh
 c - a bread ration
 d - a slice of pizza
 g - a beef jerky


   Skills:
 + Level 3.1 Fighting
 * Level 3.6 Long Blades
 + Level 1.9 Armour
 - Level 1.5 Dodging


You had 2 spell levels left.
You didn't know any spells.

Dungeon Overview and Level Annotations

Branches:
Dungeon (3/15)

Altars:
Elyvilon
Xom


Innate Abilities, Weirdness & Mutations

You have extremely sharp teeth.
Your natural rate of healing is unusually fast.
When hurt, damage is shared between your health and your magic reserves.
Your bite disrupts and absorbs the magic of your enemies.
Potions and wands cannot restore your health.
You are immune to rotting.


Message History

The orc shouts!
The orc wizard shouts!
The orc wizard moves out of view.
An orc comes into view. It is wielding a dagger.
The orc shouts!
The orc priest barely misses you.
The orc moves out of view.
An orc comes into view. It is wielding a club.
The orc shouts!
You hit the orc priest.
The orc priest is heavily wounded.
The orc wizard gestures wildly while chanting.
The orc wizard seems to speed up.
The orc priest calls down the wrath of Beogh upon you.
Pain shoots through your body!
The orc moves out of view.
The kobold shouts!
You slash the orc priest!
The orc priest is almost dead.
The orc priest calls down the wrath of Beogh upon you.
Beogh smites you!
Ouch! That really hurt!
You die...

#.##.<###..##.
#######))..## ##....
........###.###...##
#.##.##...##.#.##.# #
##.#.....##..##.##
#.#..?.....###......
#.#........# ###...#
#...).....## #...#
#..@..$...# #..>#
#oo.......######...#
#.#.......#.........
ooK%............†....
..#.##.....##>........
....#
#.....#####.#...# ###
.....# #.#...# .....#
#.#...# #.#...#


You could see an orc priest, an orc wizard, 2 orcs and a kobold.

Vanquished Creatures
  An adder (D:2)
  A dart slug (D:2)
  A bat (D:1)
  2 giant cockroaches
  5 goblins
  5 hobgoblins
  4 jackals (D:1)
  A quokka (D:2)
  3 giant newts
  9 kobolds
  7 rats
39 creatures vanquished.

Notes
Turn   | Place    | Note
--------------------------------------------------------------
     0 | D:1      | Kloppie the Vine Stalker Berserker began the quest for the Orb.
     0 | D:1      | Reached XP level 1. HP: 11/11 MP: 2/2
    79 | D:1      | Reached XP level 2. HP: 15/16 MP: 1/3
   800 | D:2      | Reached XP level 3. HP: 19/19 MP: 4/4
   816 | D:2      | Reached ** piety under Trog
   895 | D:2      | Found a white marble altar of Elyvilon.
   982 | D:2      | Found a shimmering altar of Xom.
  1295 | D:3      | Killed from afar by an orc priest

Skill      XL: |  1  2  3 |
---------------+----------+-----
Long Blades    | 3 |  3.6
Fighting       | 3 |  3.1
Armour         | |  1.9
Dodging        | |  1.5

Action                   || total
-------------------------++-------
Melee: Falchion          ||   109
       Bite              ||    24
  Eat: Chunk             ||     1
Armor: Ring mail         ||    38
Dodge: Dodged            ||    70
